 Dungeon Crawl Stone Soup version 0.17.0-56-gd8de76c (webtiles) character file.

83 coffecat the Ruffian (level 4, 0/35 HPs)
             Began as a Draconian Transmuter on Dec 4, 2015.
             Was an Initiate of Fedhas.
             Killed from afar by Blork the orc (8 damage)
             ... with a magic dart
             ... on level 4 of the Dungeon.
             The game lasted 00:10:51 (2698 turns).

coffecat the Ruffian (Draconian Transmuter)         Turns: 2698, Time: 00:10:52

Health: 0/35       AC:  6    Str: 14    XL:     4   Next: 22%
Magic:  2/7        EV: 12    Int: 13    God:    Fedhas [......]
Gold:   97         SH:  0    Dex: 11    Spells: 3 memorised, 1 level left

rFire  . . .     SeeInvis .       - Unarmed
rCold  . . .     Clarity  .     (armour unavailable)
rNeg   + . .     SustAt   .     (no shield)
rPois  .         Gourm    .     (helmet restricted)
rElec  .         Spirit   .     (no cloak)
rCorr  .         Warding  +     (no gloves)
rMut   .         Stasis   .     k - +0 pair of boots
MR     .....                    g - amulet of warding
Stlth  +.........               (no ring)
                                (no ring)

@: appendage (expiring), not resistant to hostile enchantments, very unstealthy
A: unfitting armour, horns 2, cold-blooded, AC +5
a: End Transformation, Renounce Religion


You were on level 4 of the Dungeon.
You worshipped Fedhas.
Fedhas was noncommittal.
You were not hungry.
You had grown temporary horns.
You visited 1 branch of the dungeon, and saw 4 of its levels.

You collected 97 gold pieces.

Inventory:

Missiles
 a - 6 arrows
 o - a throwing net (quivered)
Armour
 k - a +0 pair of boots (worn)
 n - a +0 helmet
Jewellery
 g - an amulet of warding (around neck)
Scrolls
 e - 4 scrolls of identify {unknown}
 f - a scroll of blinking {unknown}
 i - a scroll of enchant armour {unknown}
 p - a scroll of amnesia {unknown}
Potions
 h - 4 potions of curing {unknown}
 j - 2 potions of heal wounds {unknown}
 l - a potion of poison {unknown}
Books
 b - a book of Changes

   Spells                             Type                      Level
   a - Beastly Appendage              Transmutation                1
   b - Sticks to Snakes               Transmutation                2
   c - Spider Form                    Transmutation/Poison         3
   d - Ice Form                       Ice/Transmutation            4
   e - Blade Hands                    Transmutation                5
Comestibles
 c - 3 bread rations
 d - a chunk of flesh
 m - 5 fruits


   Skills:
 + Level 1.3 Fighting
 - Level 2.3 Dodging
 - Level 0.4 Stealth
 - Level 3.7 Unarmed Combat
 + Level 2.3 Spellcasting
 * Level 3.0 Transmutations


You had one spell level left.
You knew the following spells:

 Your Spells              Type           Power        Failure   Level  Hunger
a - Beastly Appendage     Trmt           #.....       10%         1    #......
b - Sticks to Snakes      Trmt           #.........   12%         2    ###....
c - Spider Form           Trmt/Pois      #.........   38%         3    ###....


Dungeon Overview and Level Annotations

Branches:
Dungeon (4/15)
 Temple: D:4-7

Altars:
Cheibriados
Fedhas

Annotations:
D:4 Blork the orc


Innate Abilities, Weirdness & Mutations

Your plain brown scales are hard (AC +5).
Your body does not fit into most forms of armour.
You are cold-blooded and may be slowed by cold attacks.
You have a pair of horns on your head.


Message History

Blork the orc hits you with a scimitar.
You barely miss Blork the orc. You tail-slap Blork the orc.
Blork the orc is moderately wounded.
Blork the orc casts a spell at you. The puff of frost hits you!
Blork the orc casts a spell at you. The puff of flame misses you.
Blork the orc points at you and mumbles some strange words.
The puff of flame misses you.
Blork the orc gestures at you while chanting.
The puff of flame hits you!
* * * LOW HITPOINT WARNING * * *
Your transformation is almost over.
Blork the orc closely misses you. Blork the orc casts a spell at you.
The puff of frost misses you.
Blork the orc gestures at you while chanting.
The magic dart hits you!
You die...
Fedhas appreciates your contribution to the ecosystem.

......... .#.#. ........$
._..# #.#...... #.#.##
#.#...... #####....##
#.#.$.... ###... .....#
###.#h#.... )...# )...####
#.h...†.... #..#
#.#.##.###.#.#.#....
#######..####.#@#...#.#..#.#
...
................o.Z.h###.#.#
.. ####.##.............##
##..# . # #.#.##.........#
..# #.#.##.#........# ....
#....#.........#.#######
#......##.#...####
#.........##.##
##############


You could see Blork the orc, a jackal and an adder skeleton.

Vanquished Creatures
  4 adders
  A worm (D:3)
  An orc (D:3)
  2 ball pythons (D:1)
  5 giant cockroaches
  7 goblins
  2 hobgoblins
  2 jackals (D:2)
  5 bats
  2 giant newts
  A kobold (D:1)
  4 rats
36 creatures vanquished.

Vanquished Creatures (collateral kills)
  3 orcs (D:3)
  A goblin (D:3)
  A jackal (D:4)
5 creatures vanquished.

Vanquished Creatures (others)
  3 toadstools (D:2)
3 creatures vanquished.

Grand Total: 44 creatures vanquished

Notes
Turn   | Place    | Note
--------------------------------------------------------------
     0 | D:1      | coffecat the Draconian Transmuter began the quest for the Orb.
     0 | D:1      | Reached XP level 1. HP: 16/16 MP: 3/3
     7 | D:1      | Noticed an electric eel
     7 | D:1      | Noticed an electric eel
   367 | D:1      | Reached XP level 2. HP: 14/23 MP: 5/5
  1196 | D:2      | Found a blossoming altar of Fedhas.
  1214 | D:2      | Became a worshipper of Fedhas Madash
  1664 | D:2      | Reached XP level 3. HP: 15/28 MP: 4/6
  1871 | D:2      | Learned a level 2 spell: Sticks to Snakes
  2130 | D:3      | Reached XP level 4. HP: 20/35 MP: 7/7
  2338 | D:3      | Learned a level 3 spell: Spider Form
  2659 | D:4      | Found a snail-covered altar of Cheibriados.
  2673 | D:4      | Noticed Blork the orc
  2698 | D:4      | Killed from afar by Blork the orc

Action                   |  1- 3 |  4- 6 || total
-------------------------+-------+-------++-------
Melee: Mace              |    17 |       ||    17
       Unarmed           |   133 |    32 ||   165
       War axe           |    13 |       ||    13
 Cast: Beastly Appendage |     6 |     2 ||     8
       Sticks to Snakes  |       |     6 ||     6
       Spider Form       |       |     1 ||     1
  Eat: Bread ration      |     1 |       ||     1
       Meat ration       |       |     1 ||     1
